 Dungeon Crawl Stone Soup version 0.29.1-1-gd02db6906a (webtiles) character file.

Game seed: 5407193815541663823

6 sentinel the Digger (level 2, 11/20 HPs)
             Began as a Meteoran Earth Elementalist on Oct 19, 2022.
             Quit the game on level 1 of the Dungeon.
             The game lasted 00:06:10 (42 turns).

sentinel the Digger (Meteoran Earth Elementalist)     Turns: 42, Time: 00:06:11

Health: 11/20      AC:  2    Str:  9    XL:     2   Next: 11%
Magic:  2/6        EV: 12    Int: 16    God:
Gold:   0          SH:  0    Dex: 14    Spells: 5/6 levels left

rFire   . . .      SeeInvis .   (no weapon)
rCold   . . .      Faith    .   (no shield)
rNeg    . . .      Spirit   .   a - +0 robe
rPois   .          Reflect  .   (no helmet)
rElec   .          Harm     .   (no cloak)
rCorr   .          Rampage  .   (no gloves)
Will    .....                   (no boots)
Stlth   +.........              (no amulet)
HPRegen 0.06/turn               (no ring)
MPRegen 0.10/turn               (no ring)

@: glowing
A: sense surroundings 1, otherworldly, glowing, explore regen
a: no special abilities


You were on level 1 of the Dungeon.
You visited 1 branch of the dungeon, and saw 2 of its levels.

Inventory:

Armour
 a - a +0 robe (worn)
Potions
 b - a potion of magic


   Skills:
 + Level 2.5 Dodging
 + Level 1.5 Stealth
 + Level 2.8 Spellcasting
 + Level 1.4 Transmutations
 + Level 3.7 Earth Magic


You had 5 spell levels left.
You knew the following spells:

 Your Spells              Type           Power      Damage    Failure   Level
a - Sandblast             Erth           28%        2d8       4%          1

Your spell library contained the following spells:

 Spells                   Type           Power      Damage    Failure   Level
 Passwall                 Tmut/Erth      8%         N/A       10%         2
 Stone Arrow              Conj/Erth      16%        3d8       26%         3
 Petrify                  Tmut/Erth      10%        N/A       54%         4


Dungeon Overview and Level Annotations

Branches:
Dungeon (2/15) Zot: 1152

Altars:

Annotations:
D:1 !a
D:2 !a


Innate Abilities, Weirdness & Mutations

You passively map a small area around you.
You are easily found by Zot.
You glow in the dark.
You regain HP and MP as you explore.


Message History

You kill the kobold!
You can't see any susceptible monsters within range! (Use Z to cast anyway.)
You can't see any susceptible monsters within range! (Use Z to cast anyway.)
Found a stone staircase leading down.
There is a stone staircase leading down here.
You climb downwards.
Magic restored.
The frilled lizard hisses angrily.
The hobgoblin shouts!
Found a scroll labelled QOLAPPITWU.
There is a stone staircase leading up here.
Current level annotation: asdf
Okay, then.
Current level annotation: asdf Current level annotation: a Cleared annotation.
Current level annotation: a Current level annotation: d Current level annotation: !a Current level annotation: !aasdf
Okay, then.
Unknown command.
Unknown command.
Current level annotation: !a
Okay, then.
Current level annotation: !a
Okay, then.
Current level annotation: !a
Okay, then.
Current level annotation: !a
Okay, then.
Current level annotation: !a Unknown command.
Current level annotation: [
Okay, then.
Current level annotation: [
Okay, then.
Current level annotation: [ Current level annotation: !
Annotate which branch? (. - D:2, ? - help, ! - show branch list)
(D) Dungeon
(D) Dungeon
Okay, then.
Annotate which branch? (. - D:2, ? - help, ! - show branch list)
Okay, then.
Annotate which branch? (. - D:2, ? - help, ! - show branch list)
Okay, then.
Annotate which branch? (. - D:2, ? - help, ! - show branch list) Current level annotation: !a New annotation for D:2 (include '!' for warning): !a
Okay, then.
Current level annotation: !aj Current level annotation: !a
Okay, then.
Annotate which branch? (. - D:2, ? - help, ! - show branch list)
Okay, then.
Annotate which branch? (. - D:2, ? - help, ! - show branch list)
(D) Dungeon
(D) Dungeon
(D) Dungeon
(D) Dungeon
(D) Dungeon What level of the Dungeon?
That's not a valid depth.
Annotate which branch? (. - D:2, ? - help, ! - show branch list)
What level of the Dungeon? 1 Current level annotation: !a New annotation for D:1 (include '!' for warning): !a
Okay, then.
Annotate which branch? (. - D:2, ? - help, ! - show branch list)
(D) Dungeon Current level annotation: !a New annotation for D:1 (include '!' for warning): !a
Okay, then.
Annotate which branch? (. - D:2, ? - help, ! - show branch list) Current level annotation: !a New annotation for D:1 (include '!' for warning): !a
Okay, then.
Annotate which branch? (. - D:2, ? - help, ! - show branch list)
Okay, then.
Annotate which branch? (. - D:2, ? - help, ! - show branch list)
Okay, then.
Annotate which branch? (. - D:2, ? - help, ! - show branch list)
Okay, then.
Unknown command.
Unknown command.
The blast of sand hits the hobgoblin.
The hobgoblin is severely wounded.
The hobgoblin hits you.
The blast of sand hits the hobgoblin.
You kill the hobgoblin!
The frilled lizard bites you.
You have reached level 2!
The blast of sand misses the frilled lizard.
The frilled lizard misses you.
The blast of sand hits the frilled lizard!
You kill the frilled lizard!
You can't see any susceptible monsters within range! (Use Z to cast anyway.)
There is a stone staircase leading up here.
Warning, next level annotated: !a Enter next level anyway? [Y]es or [N]o only, please.
Enter next level anyway?
You climb upwards.
There is a stone staircase leading down here.
Current level annotation: !a
Okay, then.
Annotate which branch? (. - D:1, ? - help, ! - show branch list)
(D) Dungeon
(D) Dungeon
(D) Dungeon
(D) Dungeon
(D) Dungeon
(D) Dungeon
(D) Dungeon
(D) Dungeon
(D) Dungeon
(D) Dungeon
(D) Dungeon
(D) Dungeon
(D) Dungeon
(D) Dungeon
(D) Dungeon
(D) Dungeon
(D) Dungeon
(D) Dungeon
(D) Dungeon
(D) Dungeon
(D) Dungeon
(D) Dungeon
(D) Dungeon
(D) Dungeon
(D) Dungeon
(D) Dungeon
(D) Dungeon
(D) Dungeon
(D) Dungeon
(D) Dungeon
(D) Dungeon
(D) Dungeon
(D) Dungeon
(D) Dungeon
(D) Dungeon
(D) Dungeon
(D) Dungeon
(D) Dungeon
(D) Dungeon What level of the Dungeon? 2 Current level annotation: !a New annotation for D:2 (include '!' for warning): !a
Okay, then.
Are you sure you want to abandon this character and quit the game? (Confirm with "yes".)

#.
#.#####.##)........##
, #. #.#...........#
#. #.............## ,
##.............. ,
###.........#.# ,,
##...#...#..# ,
#.######.#####..##*
.........###...## ,
** ..###.@#....# *,,
, , ,#...#>.#### , ,
###...## * * * ,
.......### ,
#..#.#.., , * , .
#.#.# * * #*#.#, ...,
,, , #.. ,


There were no monsters in sight!

Vanquished Creatures
  A goblin (D:1)
  A hobgoblin (D:2)
  A kobold (D:1)
  A ball python (D:1)
  2 frilled lizards
6 creatures vanquished.

Notes
Turn   | Place    | Note
-------+----------+-------------------------------------------
     0 | D:1      | sentinel the Meteoran Earth Elementalist began the quest
                  | for the Orb.
     0 | D:1      | Reached XP level 1. HP: 14/14 MP: 5/5
    36 | D:2      | Reached XP level 2. HP: 10/20 MP: 3/6
    42 | D:1      | Quit the game

Illustrated notes

Levels and vault maps discovered:
D:1:      dreamdust_arrival_sigmund_warning, layout_rooms,
          shapermc_ecumenical_altar_mp_vishouse, minmay_fountain_box,
          minmay_misc_feat_nine_boxes, st_stairs_8, roderic_nine_men_s_morris
D:2:      layout_rooms, serial_shops, nicolae_shop_stone, basic_altar,
          uniq_sigmund, uniq_jessica, uniq_robin

Action                   || total
-------------------------++-------
 Cast: Sandblast         ||    10
Dodge: Dodged            ||     1
